 Dungeon Crawl Stone Soup version 0.31.0-1-g2c135a0 (webtiles) character file.

Game seed: 9379763665554360694

74 jagoly the Trooper (level 4, -5/29 HPs)
             Began as a Gargoyle Monk on Feb 2, 2024.
             Slain by an ice beast (12 damage)
             ... on level 4 of the Dungeon.
             The game lasted 00:03:53 (703 turns).

jagoly the Trooper (Gargoyle Monk)                   Turns: 703, Time: 00:03:54

Health: -5/29      AC:  8    Str: 16    XL:     4   Next: 30%
Magic:  4/4        EV: 11    Int: 11    God:
Gold:   112        SH:  0    Dex: 12    Spells: 3/3 levels left

rFire   . . .        a - +0 hand axe
rCold   . . .        d - orb {light}
rNeg    + . .        n - +0 ring mail
rPois   ∞            (no helmet)
rElec   +            (no cloak)
rCorr   .            (no gloves)
SInv    .            (no boots)
Will    .....        (no amulet)
Stlth   +            (no ring)
HPRegen 0.24/turn    (no ring)
MPRegen 0.09/turn

%: no passive effects
@: glowing
A: sickness immunity, AC +3, negative energy resistance 1, electricity
resistance, torment resistance 1, petrification resistance
a: no special abilities


You were on level 4 of the Dungeon.
You visited 1 branch of the dungeon, and saw 4 of its levels.

You collected 112 gold pieces.

Inventory:

Hand Weapons
 a - a +0 hand axe (weapon)
Missiles
 i - 33 stones (quivered)
 m - 2 curare-tipped darts
Armour
 b - a +0 robe
 d - an orb of light (worn)
 n - a +0 ring mail (worn)
Jewellery
 h - an amulet of faith
 r - a ring of ice
Wands
 q - a wand of flame (17)
Scrolls
 e - 2 scrolls of fog {unknown}
 f - a scroll of enchant armour {unknown}
 j - a scroll of blinking {unknown}
 l - a scroll of revelation {unknown}
 o - a scroll of vulnerability {unknown}
 p - a scroll of teleportation {unknown}
 s - a scroll of poison {unknown}
Potions
 c - a potion of ambrosia
 g - a potion of degeneration {unknown}
 k - 2 potions of curing {unknown}


   Skills:
 + Level 3.8 Fighting
 * Level 3.5 Axes
 + Level 1.5 Armour
 + Level 2.8 Dodging


You had 3 spell levels left.
You didn't know any spells.
Your spell library contained the following spells:

 Spells                   Type           Power      Damage    Failure   Level
 Summon Small Mammal      Summ           0%         N/A       54%         1
 Call Canine Familiar     Summ           0%         N/A       89%         3
 Summon Blazeheart Golem  Fire/Summ      0%         N/A       100%        4


Dungeon Overview and Level Annotations

Branches:
Dungeon (4/15) Zot: 23281
 Temple: D:4-7

Altars:
Qazlal


Innate Abilities, Weirdness & Mutations

You are immune to sickness and miasma.
Your stone body is resilient. (AC +3)
You are immune to poison.
You resist negative energy. (rN+)
You are resistant to electric shocks. (rElec)
You are resistant to unholy torment.
You are immune to petrification.


Message History

The bat is heavily wounded.
The bat closely misses you. The bat barely misses you.
The bat hits you but does no damage. The bat completely misses you.
There are no items here.
You hit the bat but do no damage.
The bat is heavily wounded.
The bat barely misses you. The bat hits you but does no damage.
The bat closely misses you.
A frilled lizard comes into view.
The frilled lizard hisses angrily.
The bat barely misses you.
You see here 5 gold pieces.
You now have 36 gold pieces (gained 5).
The frilled lizard barely misses you.
You hit the frilled lizard.
You kill the frilled lizard!
The bat hits you but does no damage. x2
You hit the bat.
You kill the bat!
No target in view!
An endoplasm comes into view.
The endoplasm quivers.
An endoplasm is nearby!
An endoplasm is nearby!
The endoplasm freezes you.
You are frozen.
You see here 13 gold pieces.
You now have 49 gold pieces (gained 13).
The endoplasm freezes you.
You are frozen.
You hit the endoplasm but do no damage. The endoplasm freezes you.
You are frozen.
You hit the endoplasm.
The endoplasm is severely wounded.
The endoplasm freezes you.
You are frozen.
* * * LOW HITPOINT WARNING * * *
You hit the endoplasm but do no damage.
The endoplasm is severely wounded.
The endoplasm freezes you.
You are frozen.
* * * LOW HITPOINT WARNING * * *
Cleave: a) +0 hand axe
Press: ? - help, Dir - move target, f - endoplasm
Aim: an endoplasm (severely wounded, haloed, about 3% to evade your +0 hand axe)
You hit the endoplasm.
You kill the endoplasm!
Found a runed blue amulet.
h - an amulet of faith
Found 6 gold pieces.
You now have 55 gold pieces (gained 6).
A kobold comes into view. It is wielding a +0 short sword.
The kobold shouts!
You hear a shout!
A goblin comes into view. It is wielding a +0 club.
You hear a shout!
A dart slug comes into view.
The kobold misses you.
You closely miss the kobold.
The kobold hits you with a +0 short sword.
You hit the kobold.
You kill the kobold!
You hit the goblin. The goblin completely misses you.
The goblin attacks as it pursues you! The goblin hits you with a +0 club.
Things that are here:
a +0 short sword; 4 stones; a kobold corpse You slash the goblin!
You kill the goblin!
You have reached level 2!
i - 4 stones The dart slug launches a dart at you.
The slug dart hits you.
* * * LOW HITPOINT WARNING * * *
Things that are here:
a +0 short sword; a kobold corpse A dart slug comes into view.
Things that are here:
a +0 club; a goblin corpse The dart slug closely misses you.
You hit the dart slug.
The dart slug is moderately wounded.
The dart slug launches a dart at you. The slug dart hits you.
* * * LOW HITPOINT WARNING * * *
You hit the dart slug but do no damage.
The dart slug is moderately wounded.
A hobgoblin comes into view.
The dart slug barely misses you.
You hit the dart slug.
The dart slug is severely wounded.
You hit the dart slug.
The dart slug is severely wounded.
The dart slug bites you but does no damage.
The dart slug launches a dart at you. The slug dart misses you.
The hobgoblin closely misses you.
You hit the dart slug but do no damage.
The dart slug is severely wounded.
You hit the hobgoblin but do no damage. The dart slug misses you.
The hobgoblin barely misses you.
You hit the dart slug but do no damage.
The dart slug is severely wounded.
You hit the hobgoblin.
You kill the hobgoblin!
The dart slug bites you but does no damage.
You hit the dart slug.
You kill the dart slug!
Your Axes skill increases to level 3!
The dart slug launches a dart at you. The slug dart misses you.
Things that are here:
a +0 club; a goblin corpse The dart slug barely misses you.
Things that are here:
a +0 short sword; a kobold corpse You hit the dart slug.
The dart slug is heavily wounded.
You hit the dart slug.
The dart slug is severely wounded.
The dart slug bites you but does no damage.
You hit the dart slug.
You kill the dart slug!
Found a scroll labelled CELOTI KAETUYN.
A goblin and a giant cockroach come into view.
The goblin shouts!
There are monsters nearby!
You see here a scroll labelled CELOTI KAETUYN.
Unknown command.
j - a scroll labelled CELOTI KAETUYN You hit the giant cockroach.
The giant cockroach is moderately wounded.
The giant cockroach barely misses you. x2
You hit the giant cockroach but do no damage.
The giant cockroach is moderately wounded.
The giant cockroach closely misses you.
You hit the giant cockroach but do no damage.
The giant cockroach is moderately wounded.
The giant cockroach closely misses you.
You barely miss the giant cockroach.
The giant cockroach is moderately wounded.
The giant cockroach waves its antennae.
The giant cockroach closely misses you. The giant cockroach barely misses you.
You hit the giant cockroach.
You kill the giant cockroach!
You hit the goblin.
You kill the goblin!
Things that are here:
a +0 long sword; a giant cockroach corpse
Found a robe.
You see here a +0 robe.
Found a dagger.
You see here a +0 dagger.
Found 18 gold pieces.
You now have 73 gold pieces (gained 18).
A frilled lizard comes into view.
The frilled lizard hisses angrily.
A frilled lizard is nearby!
The frilled lizard barely misses you.
You slash the frilled lizard!
You kill the frilled lizard!
You see here a frilled lizard corpse.
Found a short glowing staff.
Found a metallic emerald potion.
k - a metallic emerald potion
Found 15 gold pieces.
You now have 88 gold pieces (gained 15).
A goblin and 3 jackals come into view.
Found a stone staircase leading down.
The goblin shouts!
The jackal barks! x2
There are monsters nearby!
The jackal barely misses you. The jackal closely misses you.
You hit the jackal but do no damage. You completely miss the jackal.
The jackal bites you but does no damage.
You hit the jackal but do no damage. The jackal barely misses you.
The jackal bites you but does no damage.
You hit the jackal.
The jackal is heavily wounded.
The jackal closely misses you.
A kobold comes into view. It is wielding a +0 short sword.
You barely miss the jackal.
The jackal is heavily wounded.
The kobold shouts!
The jackal closely misses you. The jackal barely misses you.
You hit the jackal but do no damage.
The jackal is heavily wounded.
The jackal bites you but does no damage.
The jackal closely misses you.
You hit the jackal but do no damage.
The jackal is heavily wounded.
The jackal misses you.
You hit the jackal but do no damage.
The jackal is heavily wounded.
The jackal closely misses you. The jackal misses you.
You hit the jackal but do no damage.
The jackal is heavily wounded.
The jackal barely misses you.
You hit the jackal but do no damage.
The jackal is heavily wounded.
The jackal misses you. The jackal bites you.
You hit the jackal.
The jackal is severely wounded.
The jackal completely misses you. The jackal closely misses you.
You hit the jackal.
You kill the jackal!
The jackal bites you but does no damage.
You hit the jackal.
The jackal is almost dead.
The jackal misses you. The jackal closely misses you.
You closely miss the jackal.
The jackal is severely wounded.
The jackal bites you but does no damage.
You hit the jackal.
You kill the jackal!
You closely miss the jackal. The jackal closely misses you. x2
You barely miss the jackal. The jackal closely misses you.
The jackal bites you.
You hit the jackal.
The jackal is heavily wounded.
The jackal barely misses you.
You hit the jackal.
You kill the jackal!
The goblin closely misses you.
You hit the goblin.
The goblin is heavily wounded.
The goblin misses you.
You hit the goblin.
You kill the goblin!
Your Armour skill increases to level 1!
You slash the kobold!
You kill the kobold!
You have reached level 3!
Your experience leads to an increase in your attributes!
Increase (S)trength, (I)ntelligence, or (D)exterity?
You feel stronger. x2
Items here: )) ††.
Okay, then.
There is a stone staircase leading down here.
You climb downwards.
Found 9 stones and a metallic emerald potion.
There is a stone staircase leading up here.
i - 13 stones (gained 9)
k - 2 metallic emerald potions (gained 1)
Found a translucent short sword.
You see here the +1 short sword "Widowermaker" {pain, rPois}.
Found a scroll labelled ECOVUE OTOU.
l - a scroll labelled ECOVUE OTOU
Found 10 gold pieces.
Found 14 gold pieces.
You now have 98 gold pieces (gained 10).
Found 2 curare-tipped darts.
You now have 112 gold pieces (gained 14).
A ball python comes into view.
Found a ring mail.
The ball python hisses angrily.
You hit the ball python but do no damage.
The ball python closely misses you. The ball python grabs you.
The ball python constricts you.
You completely miss the ball python. The ball python misses you.
The ball python constricts you.
You completely miss the ball python. The ball python barely misses you.
The ball python constricts you. The ball python barely misses you.
The ball python constricts you.
You hit the ball python.
You kill the ball python!
No target in view!
You see here 2 curare-tipped darts.
m - 2 curare-tipped darts You open the door.
You open the door.
There is an open door here.
There is an open door here.
You see here a +0 ring mail.
You start removing your armour.
You continue taking off your +0 robe. x4
You finish taking off your +0 robe.
You start putting on your armour.
You continue putting on your +0 ring mail. x5
You finish putting on your +0 ring mail.
You open the door.
There is an open door here.
You open the door. You open the door. You open the door. You open the door.
You open the door.
A quokka comes into view.
Found a scroll labelled RETTOM XUEGGOS.
You hit the quokka.
You kill the quokka!
No target in view!
You open the door. You open the door.
Found a robe.
o - a scroll labelled RETTOM XUEGGOS You open the door.
Found a scroll labelled USTUTE ILIFU.
You open the door.
There is an open door here.
p - a scroll labelled USTUTE ILIFU
There is an open door here.
An endoplasm comes into view.
You hit the endoplasm.
The endoplasm is heavily wounded.
The endoplasm closely misses you.
You hit the endoplasm.
You kill the endoplasm!
There is an open door here.
You open the door.
There is an open door here.
Found an ivory wand.
q - a wand of flame (17)
A kobold comes into view. It is wielding a +0 club.
The kobold shouts!
An adder comes into view.
The adder moves out of view.
A kobold is nearby!
A kobold is nearby!
The adder hisses angrily.
You open the door. The kobold hits you with a +0 club.
You hit the kobold.
You kill the kobold!
The adder bites you.
You hit the adder.
The adder is moderately wounded.
The adder bites you.
You barely miss the adder.
The adder is moderately wounded.
The adder bites you. The adder closely misses you.
You hit the adder but do no damage.
The adder is moderately wounded.
The adder bites you.
You hit the adder.
The adder is almost dead.
The adder barely misses you. The adder bites you.
You closely miss the adder.
The adder is almost dead.
The adder bites you but does no damage.
You hit the adder.
You kill the adder!
No target in view!
Things that are here:
a +0 club; a kobold corpse An endoplasm comes into view.
The endoplasm quivers.
The endoplasm hits you but does no damage.
The endoplasm hits you.
You completely miss the endoplasm. The endoplasm barely misses you.
You hit the endoplasm.
You kill the endoplasm!
No target in view!
You open the door.
There is an open door here.
There is an open door here.
A giant cockroach comes into view.
The giant cockroach waves its antennae.
You barely miss the giant cockroach. The giant cockroach barely misses you.
You barely miss the giant cockroach.
The giant cockroach closely misses you. x2
You barely miss the giant cockroach. The giant cockroach barely misses you.
You slash the giant cockroach!
You kill the giant cockroach!
No target in view!
As you open the door, it creaks loudly!
Found a book of Callings and a ring mail.
There is an open door here.
You pick up a book of Callings and begin reading...
You add the spells Summon Small Mammal, Call Canine Familiar and Summon Blazeheart Golem to your library.
You open the door.
An endoplasm comes into view.
Found a twisted sapphire ring and a scroll labelled ZICYGIG REIKLI.
The endoplasm quivers.
There is an open door here.
You hit the endoplasm.
You kill the endoplasm!
No target in view!
r - a ring of ice
s - a scroll labelled ZICYGIG REIKLI You open the door.
Found a stone staircase leading down.
There is an open door here.
There is a stone staircase leading down here.
You climb downwards.
Found 7 stones.
There is a stone staircase leading up here.
Found 2 stones.
Found a stormy altar of Qazlal.
i - 20 stones (gained 7)
There are no items here.
Why would you want to do that?
Found 7 stones.
Found 5 stones.
There is a shaft here.
Found 6 stones.
There is a shaft here.
Found 4 stones.
There is a shaft here.
A ball python comes into view.
The ball python hisses angrily.
You see here 2 stones.
i - 22 stones (gained 2)
You see here 4 stones.
i - 26 stones (gained 4)
The ball python barely misses you. The ball python grabs you.
The ball python constricts you.
You slash the ball python!
You kill the ball python!
There is a shaft here.
Why would you want to do that? Why would you want to do that?
There is a shaft here.
i - 33 stones (gained 7) 2 orcs come into view.
Found a stone staircase leading down.
The orc shouts! x2
An orc comes into view. It is wielding a +0 mace.
The orc moves out of view.
An orc wizard comes into view. It is wielding a +0 dagger.
There are monsters nearby!
The orc shouts!
The orc wizard shouts!
You hit the orc.
The orc is moderately wounded.
The orc hits you with a +0 short sword.
You barely miss the orc.
The orc is moderately wounded.
You barely miss the orc. You barely miss the orc. The orc barely misses you.
You slash the orc!
The orc is almost dead.
The orc hits you but does no damage. x2
You hit the orc but do no damage.
The orc is almost dead.
The orc barely misses you.
You slash the orc!
You kill the orc!
You hit the orc wizard.
The orc wizard is moderately wounded.
The orc wizard points at you and mumbles some strange words.
You resist with significant effort.
You hit the orc wizard.
The orc wizard is heavily wounded.
The orc wizard casts a spell at you. The magic dart hits you!
You hit the orc wizard.
The orc wizard is severely wounded.
The orc wizard hits you but does no damage.
You hit the orc wizard.
The orc wizard is almost dead.
The orc wizard casts a spell.
The orc wizard flickers and vanishes for a moment.
The orc wizard hits you but does no damage.
You hit the orc wizard but do no damage.
The orc wizard is almost dead.
The orc wizard barely misses you.
You hit the orc wizard but do no damage.
The orc wizard is almost dead.
The orc wizard hits you but does no damage.
You hit the orc wizard.
You kill the orc wizard!
You have reached level 4!
You feel clever.
You hit the orc.
The orc is severely wounded.
The orc hits you with a +0 short sword.
You hit the orc.
You kill the orc!
You hit the orc.
The orc is almost dead.
The orc hits you but does no damage.
You hit the orc but do no damage.
The orc is almost dead.
The orc misses you.
You hit the orc.
You kill the orc!
No target in view!
Items here: )))) [[[ †.
Okay, then.
There is a stone staircase leading down here.
You climb downwards.
There is a stone staircase leading up here.
A quokka comes into view.
A quokka is nearby!
An ice beast comes into view.
The ice beast moves out of view.
You hit the quokka.
The quokka is moderately wounded.
The quokka bites you but does no damage.
You closely miss the quokka.
The quokka is moderately wounded.
The quokka bites you.
You hit the ice beast.
The ice beast is lightly wounded.
You hit the quokka.
You kill the quokka!
The ice beast hits you. The ice beast freezes you!
* * * LOW HITPOINT WARNING * * *
Okay, then.
You hit the ice beast.
The ice beast is moderately wounded.
The ice beast hits you.
* * * LOW HITPOINT WARNING * * *
The ice beast freezes you!
You die...

#. #. .. #. #.
#. ##.########
###.†@......#
#.....Y..###<#
#.##..##.# #.#
#.. #.# #.#
#.. ..# #.#
#.# #.# #.# ..
... ..# ###
#.# ### #.#


You could see an ice beast.

Vanquished Creatures
  An orc wizard (D:3)
  An adder (D:2)
  2 dart slugs (D:1)
  3 orcs (D:3)
  A bat (D:1)
  4 endoplasms
  2 giant cockroaches
  3 goblins (D:1)
  A hobgoblin (D:1)
  3 jackals (D:1)
  3 kobolds
  2 quokkas
  2 ball pythons
  3 frilled lizards (D:1)
31 creatures vanquished.

Notes
Turn   | Place    | Note
-------+----------+-------------------------------------------
     0 | D:1      | jagoly the Gargoyle Monk began the quest for the Orb.
     0 | D:1      | Reached XP level 1. HP: 14/14 MP: 1/1
   146 | D:1      | Reached XP level 2. HP: 13/19 MP: 2/2
   333 | D:1      | Reached skill level 1 in Armour
   334 | D:1      | Reached XP level 3. HP: 23/23 MP: 3/3
   354 | D:2      | Identified the +1 short sword "Widowermaker" {pain, rPois}
   624 | D:3      | Found a stormy altar of Qazlal.
   682 | D:3      | Reached XP level 4. HP: 22/29 MP: 4/4
   698 | D:4      | Noticed an ice beast
   703 | D:4      | Slain by an ice beast

Illustrated notes

Levels and vault maps discovered:
D:1:      ncdulo_smallfort, layout_loops_ring
D:2:      minmay_door_path, layout_basic
D:3:      layout_loops_cross, grunt_qazlal_sundering, guppyfry_early_lair_pool
D:4:      layout_loops_corners, zin_academy, lemuel_blue_sif_altar,
          temple_doors_cd, wad_rectangle_vault

Skill      XL: |  1  2 |
---------------+-------+-----
Axes           | 3 |  3.5
Armour         | 1 |  1.5
Fighting       | |  3.8
Dodging        | |  2.8

Action                     |  1- 3 |  4- 6 || total
---------------------------+-------+-------++-------
  Melee: Hand axe          |    88 |     9 ||    97
 Armour: Robe              |    19 |       ||    19
         Ring mail         |    16 |     6 ||    22
  Dodge: Dodged            |    63 |     1 ||    64
